Map: Simulacrum LE

Players

ViBE

  • Race: Protoss Protoss
  • League: Platinum
  • Spawn Location: 11:00

CitizenSnips - Winner!

  • Race: Zerg Zerg
  • League: Platinum
  • Spawn Location: 5:00

VOD

Have the link to the VOD?

Description

Time

  • Played on: Dec. 8, 2019, 10:49 p.m.
  • Length: 29:06
Show
View Real Time Build Order
Export as new Build Order

ViBE Protoss 

Build Orders: 1 Gate Expand, Colossus Rush 

Get SALT Encoding   

  12  0:01  Probe  
  13  0:13  Probe  
  14  0:21  Pylon  
  14  0:25  Probe  
  15  0:39  Probe (Chrono Boost)  
  16  0:45  Gateway  
  16  0:51  Probe (Chrono Boost), Assimilator  
  17  0:58  Probe (Chrono Boost)  
  18  1:06  Probe  
  18  1:18  Probe (Chrono Boost)  
  19  1:28  Probe (Chrono Boost)  
  20  1:32  Probe (Chrono Boost)  
  20  1:36  Nexus  
  21  1:49  Cybernetics Core  
  21  1:53  Probe  
  22  1:57  Pylon  
  22  2:05  Probe  
  22  2:06  Assimilator  
  23  2:17  Probe (Chrono Boost)  
  24  2:28  Probe (Chrono Boost)  
  24  2:29  Stalker  
  27  2:30  Warp Gate  
  27  2:32  Probe (Chrono Boost)  
  29  2:45  Probe (Chrono Boost)  
  29  2:49  Probe (Chrono Boost)  
  31  2:59  Sentry  
  31  3:00  Probe (Chrono Boost)  
  31  3:01  Probe (Chrono Boost)  
  31  3:05  Probe (Chrono Boost)  
  33  3:07  Probe  
  34  3:15  Probe  
  34  3:19  Probe  
  36  3:28  Probe (Chrono Boost)  
  36  3:30  Gateway  
  36  3:32  Robotics Facility  
  38  3:36  Pylon  
  38  3:37  Probe (Chrono Boost)  
  38  3:40  Probe (Chrono Boost)  
  39  3:44  Stalker  
  39  3:45  Probe (Chrono Boost)  
  39  3:46  Probe (Chrono Boost)  
  43  3:54  Probe  
  44  3:56  Probe (Chrono Boost)  
  45  4:06  Probe (Chrono Boost)  
  45  4:07  Assimilator  
  47  4:10  Assimilator  
  47  4:11  Probe (Chrono Boost)  
  47  4:16  Probe (Chrono Boost)  
  48  4:18  Nexus, Probe (Chrono Boost)  
  48  4:20  Pylon  
  48  4:21  Probe (Chrono Boost)  
  48  4:22  Probe  
  50  4:27  Observer  
  50  4:29  Stalker, Robotics Bay  
  54  4:35  Pylon  
  54  4:38  Probe  
  55  4:40  Pylon  
  55  4:43  Stalker  
  56  4:50  Probe x2  
  56  4:51  Pylon  
  58  4:54  Pylon  
  58  4:57  Stalker  
  58  4:58  Pylon  
  60  5:02  Probe (Chrono Boost)  
  60  5:06  Probe (Chrono Boost)  
  62  5:09  Stalker  
  65  5:14  Probe (Chrono Boost)  
  65  5:18  Colossus, Probe (Chrono Boost)  
  72  5:21  Stalker  
  74  5:28  Probe x2  
  74  5:32  Probe  
  74  5:34  Stalker  
  79  5:40  Probe  
  79  5:41  Probe  
  81  5:44  Probe (Chrono Boost), Forge x2  
  81  5:47  Forge  
  82  5:50  Twilight Council  
  82  5:53  Probe (Chrono Boost)  
  82  5:56  Probe (Chrono Boost)  
  85  5:57  Probe (Chrono Boost)  
  85  6:03  Stalker x2  
  85  6:04  Probe (Chrono Boost)  
  90  6:05  Probe (Chrono Boost)  
  90  6:07  Probe (Chrono Boost)  
  90  6:08  Probe (Chrono Boost)  
  90  6:10  Probe  
  93  6:13  Colossus  
  93  6:17  Probe  
  101  6:19  Protoss Ground Weapons Level 1 (Chrono Boost), Protoss Ground Armor Level 1 (Chrono Boost)  
  101  6:20  Probe  
  101  6:21  Protoss Shields Level 1 (Chrono Boost)  
  101  6:23  Probe  
  103  6:29  Probe  
  103  6:32  Probe  
  105  6:35  Probe  
  105  6:36  Extended Thermal Lance, Assimilator  
  105  6:37  Assimilator  
  106  6:40  Stalker  
  106  6:44  Probe x2  
  110  6:47  Probe  
  110  6:49  Nexus  
  110  6:51  Pylon  
  111  6:55  Pylon  
  111  7:06  Probe x3  
  114  7:15  Templar Archives  
  114  7:19  Pylon  
  114  7:21  Pylon  
  114  7:22  Probe x3  
  117  7:30  Stalker, Assimilator  
  117  7:31  Stalker  
  117  7:33  Assimilator  
  117  7:34  Probe x3  
  124  7:39  Pylon  
  124  7:41  Pylon  
  117  7:46  Probe  
  117  7:47  Colossus  
  117  7:49  Probe x2  
  109  7:54  Stalker  
  109  7:55  Stalker  
  109  7:58  Probe  
  102  8:01  Probe x2  
  91  8:09  Gateway  
  91  8:10  Probe, Gateway  
  79  8:13  Probe, Gateway  
  79  8:16  Probe, Gateway  
  79  8:18  Stalker x2  
  77  8:22  Probe  
  77  8:25  Probe  
  75  8:29  Probe  
  75  8:34  Protoss Ground Weapons Level 2 (Chrono Boost), Probe, Protoss Ground Armor Level 2 (Chrono Boost)  
  70  8:36  Protoss Shields Level 2 (Chrono Boost)  
  70  8:37  Probe  
  70  8:41  Probe, Observer (Chrono Boost)  
  72  8:43  Stalker x2  
  72  8:46  Probe  
  78  8:50  Probe  
  78  8:53  Probe  
  80  8:59  Probe  
  80  9:02  Probe  
  82  9:05  Probe  
  83  9:11  Probe  
  84  9:17  Probe  
  84  9:18  Probe  
  84  9:22  High Templar x3  
  84  9:23  High Templar, Probe  
  95  9:25  Stalker x2  
  95  9:27  Archon x2  
  95  9:29  Probe, Observer (Chrono Boost)  
  95  9:30  Probe  
  102  9:35  Probe  
  103  9:41  Probe  
  104  9:49  Probe x2  
  104  9:50  Nexus  
  106  9:53  Probe  
  106  9:55  Pylon  
  106  9:58  Stalker x4  
  106  9:59  Stalker x2  
  119  10:02  Pylon  
  119  10:13  Colossus  
  117  10:15  Probe x3  
  102  10:23  Stalker x4  
  102  10:24  Stalker x2  
  101  10:37  Probe x3  
  89  10:51  Probe x3  
  89  10:52  Stalker  
  89  10:53  Stalker x4, Nexus  
  89  10:55  Stalker  
  102  10:58  Protoss Ground Weapons Level 3 (Chrono Boost)  
  102  11:00  Protoss Ground Armor Level 3 (Chrono Boost)  
  98  11:07  Observer  
  99  11:12  Protoss Shields Level 3 (Chrono Boost)  
  99  11:21  Stalker x2  
  99  11:24  Stalker  
  105  11:31  Probe x2  
  105  11:32  Probe  
  108  11:37  Stalker  
  108  11:38  Stalker x2  
  108  11:39  Observer  
  115  11:46  Stalker  
  117  11:47  Stalker  
  119  12:07  Stalker x4  
  127  12:15  Nexus  
  127  12:17  Pylon  
  127  12:20  Stalker  
  127  12:21  Stalker  
  127  12:22  Pylon  
  131  12:24  Pylon  
  131  12:37  Colossus (Chrono Boost)  
  131  12:39  Stalker  
  131  12:40  Stalker x3  
  145  12:44  Assimilator  
  145  12:46  Assimilator  
  145  12:52  Stalker  
  145  12:53  Stalker  
  149  13:16  Stalker x2  
  149  13:17  Stalker x4  
  161  13:26  Colossus, Pylon  
  167  13:28  Pylon  
  143  13:52  High Templar  
  143  13:53  High Templar  
  145  14:01  Nexus  
  145  14:02  Pylon, Gateway  
  145  14:04  Gateway  
  145  14:05  Gateway  
  145  14:07  Gateway  
  145  14:11  Archon, Gateway  
  145  14:12  Gateway  
  151  14:33  Stalker x2  
  105  14:47  Observer (Chrono Boost)  
  94  14:55  Probe x3  
  97  15:03  Stalker x4  
  97  15:04  Stalker x3  
  97  15:07  Stalker, Nexus  
  113  15:13  Probe x3  
  116  15:16  Observer  
  117  15:25  Assimilator  
  117  15:26  Assimilator  
  117  15:32  High Templar x2  
  117  15:33  High Templar x5  
  117  15:34  High Templar  
  133  15:36  Archon  
  133  15:37  Observer, Archon x2  
  133  15:38  Archon  
  133  15:42  Probe x3  
  137  15:43  Probe  
  138  15:56  Pylon  
  138  15:58  Pylon  
  138  16:10  Stalker x3  
  138  16:11  Stalker x3  
  146  16:12  Stalker x2  
  146  16:17  Gateway x2  
  154  16:18  Probe x2  
  154  16:19  Probe x2  
  154  16:20  Probe  
  154  16:22  Gateway  
  159  16:28  Gateway  
  159  16:30  Gateway  
  159  16:33  Probe x4  
  159  16:35  Probe  
  164  16:45  Assimilator  
  164  16:46  Probe x3  
  164  16:47  Probe x2  
  168  16:49  Assimilator  
  168  16:53  Observer  
  170  16:56  High Templar x3  
  170  16:57  High Templar  
  170  16:58  High Templar x2  
  170  17:01  Stalker x2  
  184  17:02  Archon  
  184  17:03  Archon x2  
  169  17:35  Stalker x5  
  169  17:36  Stalker x5  
  158  17:59  Probe x2 (Chrono Boost)  
  158  18:00  Probe x2 (Chrono Boost)  
  158  18:04  Nexus  
  162  18:09  Probe (Chrono Boost)  
  162  18:10  Probe x3 (Chrono Boost)  
  166  18:14  Probe x4 (Chrono Boost)  
  170  18:24  High Templar x3  
  170  18:25  High Templar, Probe x2  
  170  18:26  Nexus  
  180  18:30  Pylon  
  180  18:33  Archon x2  
  180  18:34  Pylon  
  180  18:36  Pylon  
  180  18:48  Probe x2  
  182  18:58  Robotics Facility  
  182  19:02  Pylon  
  182  19:05  Colossus, Pylon  
  182  19:07  Stalker x5  
  182  19:08  Stalker  
  190  19:15  Stalker x2  
  190  19:19  Stalker  
  192  19:29  High Templar x3  
  192  19:30  High Templar  
  166  19:39  Assimilator  
  166  19:43  Stalker, Assimilator  
  166  19:44  Stalker x3  
  154  19:45  Archon  
  154  19:47  Pylon, Archon  
  130  20:05  Probe  
  130  20:06  Probe x3  
  131  20:07  Probe  
  127  20:17  Probe  
  127  20:18  Stalker x2  
  127  20:19  Stalker x2  
  127  20:20  Stalker x3  
  127  20:21  Stalker  
  144  20:25  Nexus, High Templar x2  
  144  20:28  Pylon, Observer  
  149  20:30  Archon  
  149  20:31  Pylon  
  149  20:38  Colossus  
  155  20:46  Probe x2  
  155  20:47  Probe x2  
  155  20:49  Observer  
  159  20:55  Stalker x2  
  159  20:56  Stalker x4  
  170  20:57  Stalker x2  
  153  21:11  Stalker  
  153  21:12  Stalker x3  
  153  21:13  Stalker  
  155  21:24  Probe x3  
  155  21:25  Probe x2  
  160  21:48  Stalker x5  
  160  21:49  Stalker x5  
  160  21:50  Stalker  
  160  21:51  High Templar  
  160  21:52  High Templar  
  186  21:56  Archon  
  186  21:58  Observer x2  
  186  22:00  Probe x4  
  192  22:08  Pylon  
  192  22:11  Photon Cannon  
  192  22:12  Photon Cannon  
  192  22:14  Shield Battery  
  192  22:17  Photon Cannon  
  192  22:18  Photon Cannon  
  192  22:20  Shield Battery  
  192  22:23  Photon Cannon  
  192  22:25  Photon Cannon, Shield Battery  
  192  22:27  High Templar x2  
  192  22:28  High Templar x2  
  198  22:31  Archon  
  198  22:32  Archon  
  182  22:40  Photon Cannon  
  182  22:43  Photon Cannon  
  182  22:44  Stalker x2  
  160  22:45  Stalker, Shield Battery  
  160  22:47  Stalker  
  122  23:08  Stalker x3  
  122  23:09  Stalker x4  
  122  23:10  Stalker x4  
  136  23:13  Stalker  
  110  23:33  Stalker x4  
  110  23:34  Stalker  
  118  23:36  Nexus, High Templar x2  
  122  23:47  Assimilator x2  
  122  23:55  Pylon  
  122  23:58  Pylon  
  122  24:03  Stalker x3  
  122  24:04  Stalker x4  
  122  24:05  Stalker  
  122  24:06  Stalker  
  122  24:08  Archon  
  140  24:17  Probe x2  
  142  24:27  Stalker  
  142  24:28  Stalker x4  
  142  24:29  Stalker x3  
  142  24:31  Stalker  
  158  24:44  Stalker  
  158  24:45  Stalker x2  
  163  24:47  Stalker  
  165  24:58  Stalker x3  
  171  25:05  Assimilator x2  
  171  25:12  High Templar  
  171  25:13  High Templar  
  175  25:17  Stalker  
  175  25:18  Stalker x4  
  185  25:21  Archon  
  185  25:23  Stalker  
  187  25:39  Stalker  
  187  25:40  Stalker x2  
  187  25:41  Stalker x2  
  187  25:42  Stalker x2  
  169  25:50  Stalker x2  
  149  26:00  Nexus  
  125  26:05  Stalker x2  
  125  26:07  Stalker  
  101  26:20  Stalker x4  
  83  26:36  Stalker x4  
  83  26:37  Stalker  
  82  26:51  Stalker x4  
  83  27:09  Nexus  
  83  27:10  Pylon  
  62  27:27  Pylon  
  62  27:33  Stalker x2  
  62  27:34  Stalker  
  59  27:49  Assimilator x2  
  58  28:10  Stalker x2  
  58  28:11  Stalker x2  
  62  28:24  Stalker  
Show
View Real Time Build Order
Export as new Build Order

CitizenSnips Zerg - Winner!

Build Orders: Hatch First, Lurkers 

Get SALT Encoding   

  12  0:01  Drone  
  13  0:12  Overlord  
  13  0:17  Drone  
  14  0:31  Drone x2  
  14  0:34  Drone  
  17  0:54  Hatchery  
  16  1:14  Drone, Spawning Pool  
  16  1:17  Drone  
  17  1:20  Extractor  
  16  1:33  Drone x2  
  18  1:46  Overlord  
  18  1:48  Drone  
  19  2:01  Queen  
  19  2:06  Queen  
  23  2:09  Zergling x2  
  23  2:10  Zergling x2  
  23  2:12  Drone  
  26  2:20  Metabolic Boost  
  26  2:30  Drone x3  
  29  2:42  Queen  
  31  2:51  Roach Warren  
  31  2:53  Drone  
  31  2:54  Drone  
  30  3:10  Overlord  
  30  3:11  Drone x4  
  34  3:20  Lair  
  34  3:22  Extractor  
  33  3:32  Evolution Chamber  
  32  3:34  Evolution Chamber  
  32  3:38  Zergling x4  
  32  3:39  Drone x2  
  32  3:41  Drone  
  36  3:53  Drone  
  37  3:57  Zerg Ground Armor Level 1  
  37  4:06  Drone x4  
  37  4:07  Drone  
  42  4:15  Zerg Missile Weapons Level 1  
  42  4:21  Drone  
  43  4:31  Drone  
  43  4:38  Drone, Hydralisk Den  
  44  4:42  Hatchery  
  42  4:50  Drone x2  
  42  4:51  Extractor x2, Overlord x2  
  41  4:53  Overlord  
  41  5:04  Drone x2  
  43  5:17  Drone x2  
  45  5:32  Hydralisk x3  
  45  5:33  Hydralisk x3  
  57  5:38  Lurker Den  
  57  5:40  Drone x3  
  57  5:42  Overlord  
  59  5:45  Pneumatized Carapace  
  59  6:00  Drone x2  
  59  6:02  Roach  
  59  6:03  Roach x4  
  71  6:08  Glial Reconstitution  
  71  6:12  Drone  
  72  6:21  Drone  
  73  6:27  Extractor  
  72  6:34  Overseer x2  
  72  6:36  Lurker  
  72  6:37  Lurker  
  74  6:41  Lurker  
  74  6:44  Drone x2  
  77  6:50  Drone  
  77  6:51  Drone x3  
  77  6:52  Overlord x4  
  81  7:03  Overlord  
  81  7:04  Overlord  
  81  7:08  Extractor  
  81  7:12  Zergling x2  
  81  7:13  Zergling x16  
  89  7:31  Roach x4  
  84  8:05  Roach  
  84  8:06  Roach x2  
  85  8:18  Roach x2  
  85  8:19  Roach x11  
  113  8:20  Roach  
  113  8:33  Drone  
  114  8:43  Zerg Ground Armor Level 2, Zerg Missile Weapons Level 2  
  114  8:45  Spire  
  113  9:01  Hydralisk  
  113  9:02  Hydralisk x5  
  119  9:03  Hydralisk x2  
  119  9:05  Ravager  
  130  9:27  Overlord x2  
  130  9:28  Overlord  
  130  9:32  Spire  
  130  9:38  Infestation Pit  
  128  9:45  Lurker x2  
  130  9:54  Hatchery  
  96  10:32  Hydralisk  
  96  10:33  Hydralisk x8  
  96  10:34  Hydralisk x3  
  112  10:54  Hydralisk x4  
  112  10:55  Hydralisk x2  
  112  10:56  Lurker  
  125  10:58  Drone  
  126  11:10  Hive  
  126  11:46  Zergling x2  
  127  11:47  Zergling x14  
  127  11:48  Zergling x12  
  140  11:56  Drone x3  
  140  11:59  Queen  
  145  12:04  Burrow  
  146  12:08  Drone  
  146  12:13  Drone x2  
  146  12:19  Extractor x2  
  146  12:20  Corruptor x8  
  148  12:27  Lurker x2  
  148  12:28  Hydralisk  
  152  12:31  Drone  
  152  12:35  Greater Spire  
  153  12:41  Roach x3  
  159  12:58  Overlord  
  159  12:59  Overlord x6  
  159  13:02  Zerg Missile Weapons Level 3, Zerg Ground Armor Level 3  
  158  13:25  Roach x7  
  158  13:26  Roach x7  
  186  13:48  Corruptor x3  
  192  13:55  Seismic Spines  
  192  14:20  Zerg Flyer Weapons Level 1  
  95  14:57  Hydralisk x7  
  95  14:58  Hydralisk x10  
  95  14:59  Hydralisk  
  131  15:18  Brood Lord  
  131  15:20  Brood Lord  
  135  15:21  Corruptor  
  135  15:24  Drone x2  
  139  15:36  Drone  
  139  15:37  Drone x2  
  139  15:39  Zerg Melee Weapons Level 1  
  142  15:44  Hatchery  
  141  15:51  Drone  
  141  15:56  Drone x3  
  145  16:09  Drone x2  
  145  16:11  Drone  
  148  16:32  Roach  
  154  16:33  Roach x12  
  174  16:50  Corruptor x4  
  182  17:06  Overseer x3  
  182  17:10  Corruptor  
  182  17:11  Corruptor x3  
  190  17:16  Zerg Flyer Weapons Level 2  
  159  17:53  Swarm Host  
  159  17:54  Swarm Host x6  
  159  17:55  Swarm Host x5  
  185  18:08  Brood Lord  
  185  18:09  Brood Lord  
  185  18:10  Brood Lord  
  191  18:29  Hatchery  
  190  18:40  Roach x5  
  147  19:42  Zergling x12  
  147  19:43  Zergling x16  
  147  20:11  Hydralisk  
  147  20:12  Hydralisk x5  
  159  20:15  Drone x2  
  161  20:39  Roach  
  163  20:43  Extractor  
  163  20:47  Zerg Melee Weapons Level 2, Extractor  
  136  21:22  Roach x3  
  136  21:23  Roach x12  
  154  21:30  Brood Lord  
  154  21:31  Brood Lord x6  
  168  21:53  Pathogen Glands  
  168  22:02  Drone  
  168  22:03  Drone x2  
  171  22:16  Hatchery  
  170  22:28  Hatchery  
  127  23:10  Roach  
  127  23:11  Roach x4  
  132  23:33  Hydralisk  
  132  23:34  Hydralisk x6  
  132  23:35  Hydralisk x6  
  158  23:48  Drone  
  158  23:51  Drone x3  
  162  23:56  Infestor x4  
  170  24:15  Roach  
  170  24:16  Roach x2  
  176  24:17  Roach x6  
  176  24:18  Roach x3  
  176  24:19  Drone x2  
  176  24:22  Extractor  
  195  24:39  Corruptor x2  
  199  25:04  Drone  
  199  25:05  Overlord x3  
  196  25:56  Roach  
  196  25:57  Roach x10  
  184  25:58  Roach x3  
  176  26:40  Roach  
  176  26:41  Roach x10  
  176  26:42  Roach  
  200  27:11  Extractor  
  200  27:12  Extractor  
  198  27:18  Corruptor  
Tags
 
Add a new tag
Caveats
  • Supply blocks, unpowered buildings, or Contaminate may cause inaccurate times.
  • Supply counts are checked every 10 seconds.